 Dungeon Crawl Stone Soup version 0.30.1-11-g7821555f0a (webtiles) character file.

Game seed: 15651187386844508046

511 monsoonserge the Cudgeller (level 7, -7/41 HPs)
             Began as a Tengu Reaver on Jan 10, 2024.
             Was an Initiate of Ru.
             Shot with an arrow by a centaur (11 damage)
             ... on level 5 of the Dungeon.
             The game lasted 00:07:52 (3737 turns).

monsoonserge the Cudgeller (Tengu Reaver)           Turns: 3737, Time: 00:07:52

Health: -7/41      AC:  4    Str: 18    XL:     7   Next: 19%
Magic:  11/11      EV: 20    Int: 15    God:    Ru [......]
Gold:   197        SH:  0    Dex: 13    Spells: 9/10 levels left

rFire   . . .        y - +0 flail
rCold   . . .        (no shield)
rNeg    . . .        F - +1 leather armour of Restlessness {Drain Fly SInv}
rPois   .            (helmet restricted)
rElec   .            (no cloak)
rCorr   .            (no gloves)
SInv    +            (boots unavailable)
Will    .....        (no amulet)
Stlth   +            E - +6 ring of strength
HPRegen 0.26/turn    w - +5 ring of evasion
MPRegen 0.12/turn

%: no passive effects
@: mighty, about to teleport, flying quickly and evasively, quick
A: beak, talons 3, nimble flight
a: Renounce Religion


You were on level 5 of the Dungeon.
You worshipped Ru.
Ru was noncommittal.
You visited 1 branch of the dungeon, and saw 5 of its levels.

You collected 197 gold pieces.

Inventory:

Hand Weapons
 a - a +0 mace
 v - a +0 war axe
 y - a +0 flail (weapon)
Missiles
 o - 2 javelins
 p - 4 poisoned darts (quivered)
Armour
 F - the +1 leather armour of Restlessness (worn) {Drain Fly SInv}
   (You found it on level 4 of the Dungeon)

   SInv:      It lets you see invisible.
   Fly:       It grants you flight.
   Drain:     It drains your maximum health when unequipped.
Jewellery
 d - a ring of willpower
 m - a +6 ring of dexterity
 w - a +5 ring of evasion (right hand)
 E - a +6 ring of strength (left hand)
Wands
 q - a wand of polymorph (4)
Scrolls
 f - 3 scrolls of teleportation
 g - a scroll of torment {unknown}
 h - 2 scrolls of blinking
 i - a scroll of brand weapon {unknown}
 j - a scroll of enchant weapon {unknown}
 k - 2 scrolls of immolation
 l - a scroll of poison {unknown}
 n - 3 scrolls of enchant armour
 r - 3 scrolls of vulnerability
 t - a scroll of magic mapping {unknown}
 x - a scroll of silence {unknown}
Potions
 c - a potion of magic
 u - 2 potions of haste
 A - a potion of curing
 B - a potion of attraction {unknown}
 C - a potion of brilliance {unknown}
 D - a potion of flight


   Skills:
 + Level 3.5 Fighting
 - Level 2.5(4.1) Axes
 + Level 5.1(5.4) Maces & Flails
 + Level 3.4 Armour
 + Level 3.9 Dodging
 - Level 1.0 Stealth
 - Level 2.0 Spellcasting
 + Level 4.1 Conjurations
 - Level 1.0 Necromancy


You had 9 spell levels left.
You knew the following spells:

 Your Spells              Type           Power      Damage    Failure   Level
a - Kiss of Death         Conj/Necr      36%        2d8       9%          1

Your spell library contained the following spells:

 Spells                   Type           Power      Damage    Failure   Level
 Momentum Strike          Conj/Tloc      14%        3d8       17%         2
 Freeze                   Ice            4%         1d3       26%         1
 Slow                     Hex            4%         N/A       26%         1
 Hailstorm                Conj/Ice       7%         3d4       32%         3
 Vampiric Draining        Necr           4%         2d6       45%         3
 Confusing Touch          Hex            1%         N/A       61%         3
 Summon Ice Beast         Ice/Summ       1%         N/A       95%         4
 Polar Vortex             Ice            0%         N/A       100%        9


Dungeon Overview and Level Annotations

Branches:
Dungeon (5/15)
 Temple: D:4-7

Altars:
Elyvilon
Kikubaaqudgha
Ru
Trog
Xom
Zin


Innate Abilities, Weirdness & Mutations

You have a beak for a mouth.
You have claws for feet.
Your magical nature lets you fly swiftly and evasively.


Message History

Okay, then.
Found 16 gold pieces.
There is a fountain of sparkling water here.
There is a sacrificial altar of Ru here.
You hover solemnly before the altar of Ru.
Ru welcomes you!
A howler monkey comes into view.
A howler monkey is nearby!
The howler monkey howls!
You hear a shout!
You hear an angry hiss.
A centaur comes into view.
The centaur wields a +0 shortbow.
The centaur shoots an arrow.
The arrow hits you.
A scorpion comes into view.
An adder comes into view.
You closely miss the howler monkey. The howler monkey hits you.
The centaur shoots an arrow.
The arrow hits you! The howler monkey misses you.
The centaur shoots an arrow.
The arrow hits you.
You closely miss the howler monkey. You claw the howler monkey!
Your peck misses the howler monkey.
The howler monkey is heavily wounded.
The centaur shoots an arrow.
The arrow hits you.
* * * LOW HITPOINT WARNING * * *
The howler monkey hoots and howls with incredible vigour!
You hear a shout! x2; You hear an angry hiss.
You hear a shout! x3
You hear an angry hiss.
Okay, then.
As you read the scroll labelled DEW FYDIBI, it crumbles to dust.
You feel strangely unstable.
It was a scroll of teleportation.
The centaur shoots an arrow.
The arrow hits you!
* * * LOW HITPOINT WARNING * * *
The howler monkey misses you.
The centaur shoots an arrow.
The arrow misses you.
Unknown command.
It was a potion of flight.
You feel more buoyant. The howler monkey closely misses you.
The scorpion barely misses you.
The howler monkey completely misses you.
It was a potion of might.
You feel very mighty all of a sudden.
The centaur shoots an arrow.
The arrow hits you!
You die...

#...# ###...###... ..
#..._...##.. #.#
##..........# #c.
#...........# ...
#._..⌠.._.#.##.#
.#####..............####
......#........#........
##....._.....@h.#
#...........sS.#
#.##...######..#
####.#....# .##
##<......#.# .#
>..##..###.# .. #####..#
#.# ## #..# #.# #### #.


You could see a centaur, a scorpion, a howler monkey and an adder.

Vanquished Creatures
  Grinder (D:3)
  A phantom (D:5)
  2 iguanas (D:4)
  An orc wizard (D:3)
  7 adders
  A gnoll (D:1)
  2 worms
  2 dart slugs
  6 orcs
  7 endoplasms
  A giant cockroach (D:1)
  7 hobgoblins
  6 kobolds
  4 quokkas
  9 ball pythons
  7 bats
  4 frilled lizards
  10 goblins
  8 rats
86 creatures vanquished.

Notes
Turn   | Place    | Note
-------+----------+-------------------------------------------
     0 | D:1      | monsoonserge the Tengu Reaver began the quest for the Orb.
     0 | D:1      | Reached XP level 1. HP: 12/12 MP: 4/4
   217 | D:1      | Reached XP level 2. HP: 17/17 MP: 6/6
   255 | D:1      | Reached skill level 1 in Necromancy
   258 | D:1      | Got the Notes on Creeping Refrigeration
   356 | D:1      | Reached skill level 4 in Maces & Flails
   356 | D:1      | Reached XP level 3. HP: 17/21 MP: 7/7
  1237 | D:2      | Reached XP level 4. HP: 19/27 MP: 8/8
  1837 | D:3      | Found a faded altar of an unknown god.
  1893 | D:3      | Reached skill level 1 in Armour
  1900 | D:3      | Gained mutation: Your magical nature lets you fly swiftly
                  | and evasively. [Tengu growth]
  1900 | D:3      | Reached XP level 5. HP: 27/32 MP: 9/9
  2367 | D:3      | Noticed Grinder
  2386 | D:3      | Killed Grinder
  2387 | D:3      | Reached skill level 1 in Stealth
  2387 | D:3      | Reached XP level 6. HP: 36/37 MP: 10/10
  3263 | D:4      | Found a bloodstained altar of Trog.
  3457 | D:4      | Found a white marble altar of Elyvilon.
  3473 | D:4      | Identified the +1 leather armour of Restlessness {Drain Fly
                  | SInv}
  3696 | D:5      | Entered Level 5 of the Dungeon
  3707 | D:5      | Found a glowing silver altar of Zin.
  3709 | D:5      | Found a sacrificial altar of Ru.
  3710 | D:5      | Found an ancient bone altar of Kikubaaqudgha.
  3710 | D:5      | Found a shimmering altar of Xom.
  3719 | D:5      | Reached skill level 5 in Maces & Flails
  3719 | D:5      | Reached XP level 7. HP: 33/41 MP: 11/11
  3726 | D:5      | Became a worshipper of Ru the Awakened
  3737 | D:5      | Shot with an arrow by a centaur

Illustrated notes

Levels and vault maps discovered:
D:1:      lemuel_arrival_river_ford, layout_basic, minmay_misc_feat_rugged,
          minmay_unequal
D:2:      layout_basic, serial_glass, glass_columns_b, glass_columns_c
D:3:      layout_basic, hellmonk_ecumenical_altar_pennies_from_heaven,
          uniq_grinder
D:4:      layout_layer_cave, trog_butcher_becter, overflow_temple_1_default,
          kennysheep_generic_room_13
D:5:      layout_rooms, grunt_temple_overflow_open, minmay_temple_entry_mist,
          amcnicky_mini_pool_medium

Skill      XL: |  1  2  3  4  5  6 |
---------------+-------------------+-----
Necromancy     | 1 |  1.0
Maces & Flails | 4 5 |  5.1
Armour         | 1 2 3 |  3.4
Fighting       | 3 |  3.5
Axes           | 2 |  2.5
Dodging        | 3 |  3.9
Stealth        | 1 |  1.0
Spellcasting   | |  2.0
Conjurations   | |  4.1

Action                     |  1- 3 |  4- 6 |  7- 9 || total
---------------------------+-------+-------+-------++-------
  Melee: Mace              |    78 |    52 |       ||   130
         Peck              |    14 |    19 |     1 ||    34
         Kick              |    10 |    37 |     1 ||    48
         Punch             |     1 |       |       ||     1
         War axe           |       |    35 |       ||    35
         Flail             |       |    36 |     3 ||    39
    Use: Scroll            |       |     7 |     1 ||     8
         Potion            |       |       |     2 ||     2
   Stab: Sleeping          |       |     2 |       ||     2
 Armour: Leather armour    |    23 |    18 |       ||    41
  Dodge: Dodged            |    66 |   103 |     6 ||   175
